Map: Fields of Death

Players

Duncan - Winner!

  • Race: Protoss Protoss

EdibleDXX - Winner!

  • Race: Terran Terran

A.I. 2 (Easy)

  • Race: Terran Terran

A.I. 3 (Easy)

  • Race: Protoss Protoss

VOD

Have the link to the VOD?

Description

Time

  • Played on: Dec. 18, 2015, 7:30 p.m.
  • Length: 17:03
Show
View Real Time Build Order
Export as new Build Order

Duncan Protoss - Winner!

Build Orders:  

Get SALT Encoding   

  12  0:05  Probe (Chrono Boost)  
  13  0:25  Pylon  
  13  0:31  Pylon  
  13  0:48  Gateway  
  13  1:29  Pylon  
  13  1:41  Cybernetics Core  
  13  1:45  Forge  
  13  1:51  Assimilator  
  13  1:56  Assimilator  
  14  2:01  Probe (Chrono Boost)  
  14  2:12  Probe (Chrono Boost)  
  15  2:27  Probe (Chrono Boost)  
  16  2:37  Probe (Chrono Boost)  
  16  2:41  Photon Cannon  
  16  2:44  Photon Cannon  
  17  2:48  Probe (Chrono Boost), Photon Cannon  
  19  2:58  Probe (Chrono Boost)  
  19  2:59  Pylon  
  19  3:09  Probe (Chrono Boost)  
  20  3:27  Nexus  
  20  3:37  Pylon  
  20  4:11  Robotics Facility  
  20  4:17  Stargate  
  20  4:21  Twilight Council  
  20  4:31  Assimilator  
  20  4:35  Assimilator  
  20  4:39  Probe (Chrono Boost)  
  21  4:49  Probe (Chrono Boost)  
  21  4:50  Probe (Chrono Boost)  
  24  5:00  Probe x2 (Chrono Boost)  
  25  5:10  Probe (Chrono Boost)  
  25  5:11  Probe (Chrono Boost)  
  27  5:21  Probe x2 (Chrono Boost)  
  29  5:30  Probe (Chrono Boost)  
  29  5:32  Probe (Chrono Boost)  
  31  5:38  Warp Gate  
  31  5:40  Probe  
  32  5:51  Probe  
  33  6:01  Probe  
  34  6:25  Immortal  
  38  6:27  Protoss Ground Weapons Level 1 (Chrono Boost)  
  38  6:55  Pylon  
  38  6:58  Pylon  
  38  7:00  Pylon  
  38  7:03  Pylon  
  38  7:04  Immortal (Chrono Boost)  
  38  7:06  Pylon  
  42  7:13  Probe  
  43  7:24  Probe  
  44  7:42  Immortal (Chrono Boost)  
  48  7:56  Protoss Ground Armor Level 1  
  48  8:16  Immortal (Chrono Boost)  
  52  8:32  Fleet Beacon  
  52  8:45  Protoss Air Weapons Level 1  
  52  8:50  Immortal (Chrono Boost)  
  60  9:24  Immortal (Chrono Boost)  
  60  9:36  Nexus  
  60  9:46  Tempest (Chrono Boost)  
  60  9:47  Protoss Shields Level 1  
  64  9:55  Immortal (Chrono Boost)  
  68  10:26  Tempest (Chrono Boost)  
  68  10:27  Immortal  
  76  10:39  Protoss Air Armor Level 1  
  76  11:02  Immortal  
  76  11:03  Tempest (Chrono Boost)  
  84  11:41  Tempest (Chrono Boost), Protoss Ground Weapons Level 2  
  88  12:12  Immortal  
  88  12:18  Tempest (Chrono Boost)  
  96  12:46  Immortal  
  100  12:55  Tempest (Chrono Boost)  
  104  13:20  Immortal  
  108  13:54  Immortal  
  112  14:28  Immortal  
Show
View Real Time Build Order
Export as new Build Order

EdibleDXX Terran - Winner!

Build Orders:  

Get SALT Encoding   

  12  0:05  SCV  
  13  0:17  SCV  
  14  0:30  SCV  
  15  0:38  Supply Depot  
  15  1:00  SCV, Refinery  
  15  1:01  Supply Depot  
  16  1:04  Refinery  
  16  1:12  SCV  
  16  1:13  Barracks  
  17  1:25  Engineering Bay  
  17  1:31  SCV  
  18  1:44  SCV  
  19  1:55  Engineering Bay  
  19  1:56  SCV  
  19  2:01  Barracks Tech Lab  
  20  2:08  SCV  
  21  2:12  Factory  
  21  2:21  Orbital Command  
  21  2:25  Marine  
  22  2:43  Marine  
  23  3:00  SCV  
  23  3:02  Barracks  
  24  3:12  SCV  
  25  3:13  Marauder  
  27  3:23  Terran Infantry Weapons Level 1  
  27  3:24  SCV  
  28  3:30  Terran Infantry Armor Level 1  
  28  3:35  Marauder  
  28  3:36  SCV  
  31  3:48  Factory Tech Lab  
  31  4:04  Supply Depot  
  31  4:26  Marauder  
  31  4:27  Barracks Reactor  
  36  4:31  Command Center, Cyclone  
  36  4:36  Supply Depot  
  36  4:47  Marine  
  37  5:00  Supply Depot  
  37  5:05  Marine  
  38  5:09  SCV  
  39  5:21  SCV  
  40  5:31  Missile Turret  
  40  5:33  SCV  
  41  5:46  SCV  
  42  5:53  Sensor Tower  
  42  5:58  SCV  
  42  6:01  Orbital Command  
  43  6:10  SCV  
  44  6:22  SCV  
  45  6:34  SCV  
  46  6:47  Refinery  
  46  7:06  Marauder  
  46  7:07  Marine x2  
  50  7:11  Siege Tank  
  53  7:25  Marine x2  
  53  7:28  Refinery, Marauder  
  57  7:42  Starport  
  57  7:43  Siege Tank, Marine x2  
  62  7:49  Marauder  
  64  8:01  Marine x2  
  66  8:11  Marauder  
  68  8:25  Siege Tank  
  71  8:32  Marauder  
  71  8:33  Liberator  
  73  8:42  Armory  
  73  8:52  Command Center  
  76  8:57  Siege Tank  
  79  9:16  Liberator  
  79  9:24  Supply Depot  
  79  9:29  Siege Tank  
  85  9:48  Supply Depot  
  85  10:11  Supply Depot  
  82  10:28  Orbital Command  
  82  10:34  Supply Depot  
  82  10:37  Marauder  
  82  10:38  Marine x2  
  82  10:42  Siege Tank  
  89  10:56  Marine x2  
  91  10:58  Supply Depot  
  91  10:59  Marauder  
  93  11:14  Siege Tank, Marine x2  
  98  11:20  Marauder  
  98  11:22  Supply Depot  
  100  11:31  Marine  
  100  11:32  Marine, Starport Tech Lab  
  102  11:42  Marauder  
  102  11:46  Siege Tank  
  107  11:47  Supply Depot  
  107  12:03  Marauder  
  109  12:11  Supply Depot  
  109  12:18  Siege Tank  
  109  12:19  Liberator  
  112  12:35  Supply Depot  
  115  12:48  Terran Infantry Weapons Level 2  
  115  12:49  Fusion Core, Terran Infantry Armor Level 2  
  115  12:50  Siege Tank  
  118  12:53  Stimpack  
  118  12:58  Supply Depot  
  118  13:02  Liberator  
  121  13:22  Supply Depot  
  121  13:38  Missile Turret  
  121  13:44  Liberator  
  121  13:48  Supply Depot  
  121  14:00  Missile Turret  
  124  14:04  Sensor Tower  
  124  14:12  Supply Depot  
  124  14:20  Refinery  
  124  14:37  Supply Depot  
  124  14:44  Refinery  
  127  15:03  Medivac  
  126  15:09  Thor  
  126  15:12  Marine x3  
  135  15:24  Advanced Ballistics  
  135  15:29  Marine  
  135  15:30  Marine x2  
  135  15:33  Medivac  
  140  15:47  Marine  
  140  15:48  Marine x2  
  143  15:51  Thor  
  149  16:03  Medivac  
  151  16:05  Marine  
  151  16:06  Marine x2  
  154  16:23  Marine  
  155  16:33  Medivac  
Show
View Real Time Build Order
Export as new Build Order

A.I. 2 (Easy) Terran 

Build Orders:  

Get SALT Encoding   

  12  0:01  SCV  
  13  0:13  SCV  
  14  0:18  Supply Depot  
  14  0:25  SCV  
  15  0:40  SCV  
  16  0:44  Barracks  
  16  0:46  Refinery  
  16  1:10  Supply Depot  
  16  1:21  Refinery  
  16  1:30  Marine  
  17  1:33  Orbital Command  
  17  1:49  Barracks Tech Lab  
  17  1:58  SCV  
  18  2:07  Marine  
  19  2:11  SCV  
  19  2:14  Supply Depot  
  20  2:23  SCV  
  20  2:25  Marine  
  22  2:35  SCV  
  23  2:43  Marauder  
  25  2:47  SCV  
  26  2:59  SCV  
  26  3:04  Marauder  
  29  4:19  SCV  
  29  5:25  SCV, Marine  
  29  5:26  Supply Depot  
  31  5:35  Factory  
  31  5:37  SCV  
  31  5:40  Command Center  
  32  5:43  Marine  
  32  5:49  SCV  
  34  5:51  Supply Depot  
  34  6:01  SCV, Marine  
  29  6:19  Marauder  
  29  6:23  Starport  
  31  6:41  Marauder  
  33  6:52  SCV  
  34  6:54  Refinery  
  34  6:57  SCV  
  35  7:01  Marine  
  35  7:04  Refinery, Starport Tech Lab  
  35  7:05  SCV  
  37  7:09  SCV  
  38  7:17  SCV  
  38  7:20  Marauder  
  38  7:21  SCV  
  42  7:23  Raven  
  42  7:29  SCV  
  45  7:33  SCV  
  46  7:41  SCV, Marine  
  48  7:45  SCV  
  49  7:53  SCV  
  49  7:57  SCV  
  51  7:59  Marauder  
  51  8:05  SCV, Raven  
  54  8:09  SCV  
  57  8:17  SCV  
  58  8:20  Marine  
  58  8:21  SCV  
  60  8:29  SCV  
  60  8:34  SCV  
  62  8:38  Supply Depot  
  62  8:41  SCV  
  62  8:46  SCV  
  64  8:53  SCV  
  65  10:29  Marine, Medivac  
  65  10:32  Supply Depot  
  65  10:33  Engineering Bay  
  68  10:39  Factory Tech Lab  
  68  10:45  Command Center  
  68  10:47  Marine  
  69  10:59  Terran Infantry Armor Level 1, Cyclone, Raven  
  70  11:09  Marine  
  61  11:27  Marauder  
  63  11:42  Medivac  
  65  11:48  Marine  
  66  11:58  SCV  
  67  12:02  SCV  
  67  12:06  Marine  
  67  12:07  SCV  
  70  12:14  Refinery  
  70  12:16  Refinery  
  70  12:23  Marine  
  71  12:41  Marine  
  72  12:53  Terran Infantry Weapons Level 1  
  72  13:00  Marauder  
  73  13:13  SCV  
  74  13:20  Marine  
  75  13:39  Marauder  
  75  13:40  Medivac  
  66  13:44  Cyclone  
  64  13:53  SCV  
  62  14:00  Marauder  
  62  14:02  SCV  
  61  14:06  SCV  
  61  14:09  Supply Depot  
  47  14:14  SCV  
  51  14:17  Hellion  
  51  14:18  SCV  
  51  14:21  Marine  
  52  14:26  SCV  
  52  14:30  SCV  
  44  14:38  SCV  
  36  14:50  SCV  
Show
View Real Time Build Order
Export as new Build Order

A.I. 3 (Easy) Protoss 

Build Orders:  

Get SALT Encoding   

  12  0:01  Probe (Chrono Boost)  
  13  0:11  Probe (Chrono Boost)  
  14  0:20  Pylon  
  14  0:22  Probe (Chrono Boost)  
  15  0:38  Probe (Chrono Boost)  
  16  0:43  Assimilator  
  16  0:50  Gateway  
  16  0:53  Pylon  
  16  1:17  Assimilator  
  16  1:35  Zealot  
  18  1:41  Cybernetics Core  
  18  2:09  Probe (Chrono Boost), Pylon  
  18  2:13  Warp Gate  
  19  2:17  Stalker  
  19  2:20  Probe (Chrono Boost)  
  22  2:32  Probe (Chrono Boost)  
  23  2:43  Probe (Chrono Boost)  
  24  2:52  Stalker  
  24  2:54  Probe (Chrono Boost)  
  28  3:07  Probe (Chrono Boost)  
  28  3:25  Adept  
  30  3:58  Adept  
  32  4:17  Probe (Chrono Boost)  
  32  7:00  Stalker, Probe (Chrono Boost)  
  35  7:09  Nexus, Pylon  
  35  7:25  Stalker  
  35  7:27  Probe (Chrono Boost)  
  35  7:29  Robotics Facility  
  38  7:30  Pylon  
  32  7:50  Sentry  
  30  8:15  Stalker  
  30  8:16  Observer  
  33  8:22  Probe (Chrono Boost)  
  33  8:27  Probe (Chrono Boost)  
  35  8:30  Assimilator  
  35  8:32  Probe (Chrono Boost), Assimilator  
  36  8:36  Observer  
  36  8:38  Probe (Chrono Boost)  
  36  8:40  Stalker  
  40  8:44  Probe (Chrono Boost)  
  41  8:49  Probe (Chrono Boost)  
  43  8:55  Probe (Chrono Boost)  
  43  9:00  Probe (Chrono Boost)  
  44  9:05  Zealot  
  44  9:07  Probe (Chrono Boost)  
  47  9:10  Probe (Chrono Boost)  
  48  9:18  Probe (Chrono Boost)  
  48  9:21  Probe (Chrono Boost)  
  50  9:28  Probe (Chrono Boost)  
  50  9:30  Adept  
  54  9:32  Probe (Chrono Boost)  
  54  9:40  Probe (Chrono Boost)  
  54  9:42  Probe (Chrono Boost)  
  56  9:50  Probe (Chrono Boost)  
  57  9:53  Probe (Chrono Boost)  
  58  10:01  Probe (Chrono Boost)  
  59  12:05  Warp Prism  
  59  12:11  Gateway  
  59  12:14  Forge  
  61  12:16  Robotics Bay  
  61  12:18  Stargate  
  61  12:21  Pylon  
  61  12:27  Nexus  
  61  12:35  Protoss Ground Weapons Level 1  
  61  12:39  Observer  
  61  12:42  Pylon  
  56  12:45  Stalker  
  50  12:59  Warp Prism  
  50  13:00  Observer Gravitic Boosters  
  50  13:03  Gateway  
  52  13:06  Fleet Beacon  
  52  13:15  Zealot  
  54  13:40  Probe (Chrono Boost)  
  55  13:45  Probe (Chrono Boost)  
  55  13:48  Probe (Chrono Boost), Tempest  
  57  13:54  Probe (Chrono Boost), Gravitic Drive  
  52  13:58  Probe (Chrono Boost), Assimilator  
  52  14:01  Probe (Chrono Boost), Assimilator  
  52  14:03  Stalker  
  52  14:07  Probe (Chrono Boost)  
  49  14:10  Probe (Chrono Boost)  
  49  14:14  Probe (Chrono Boost)  
  47  14:17  Zealot  
  47  14:20  Probe (Chrono Boost)  
  47  14:21  Observer  
  43  14:24  Probe (Chrono Boost)  
  43  14:27  Probe (Chrono Boost)  
  43  14:29  Void Ray  
  38  14:33  Probe (Chrono Boost)  
  38  14:37  Probe (Chrono Boost)  
  38  14:41  Probe (Chrono Boost)  
  38  14:45  Probe (Chrono Boost)  
  40  14:50  Probe (Chrono Boost)  
  45  14:55  Probe (Chrono Boost)  
  45  14:58  Probe (Chrono Boost)  
  43  15:00  Stalker  
  43  15:03  Probe (Chrono Boost)  
  46  15:08  Probe (Chrono Boost)  
  46  15:11  Probe (Chrono Boost)  
  46  15:14  Zealot  
  46  15:15  Gateway  
  46  15:16  Probe (Chrono Boost)  
  46  15:19  Forge  
  38  15:21  Probe (Chrono Boost)  
  32  15:29  Zealot  
  30  15:35  Pylon  
  30  15:46  Pylon  
  30  15:48  Pylon  
  29  15:57  Pylon  
  26  16:01  Gateway  
  24  16:07  Pylon  
  14  16:14  Pylon  
  14  16:20  Pylon  
  14  16:28  Gateway  
  14  16:32  Probe (Chrono Boost)  
  15  16:43  Probe (Chrono Boost)  
  14  16:48  Pylon  
Tags
 
Add a new tag
Caveats
  • Supply blocks, unpowered buildings, or Contaminate may cause inaccurate times.
  • Supply counts are checked every 10 seconds.